 Dungeon Crawl Stone Soup version 0.16.1-11-g651b585 (webtiles) character file.

23 McCoppin the Skirmisher (level 2, -16/24 HPs)
             Began as a Demonspawn Chaos Knight on Mar 31, 2015.
             Killed from afar by a steam dragon (glowing shapeshifter) (20 damage)
             ... with a ball of steam
             ... on level 1 of the Dungeon.
             The game lasted 00:01:37 (654 turns).

McCoppin the Skirmisher (Demonspawn Chaos Knight)    Turns: 654, Time: 00:01:37

Health: -16/24     AC:  0    Str: 12    XL:     2   Next: 75%
Magic:  2/2        EV: 11    Int: 13    God:    Xom [...*..]
Gold:   89         SH:  0    Dex: 12    Spells: 0 memorised, 1 level left

rFire  . . .     SeeInvis .     a - +0 hand axe (chaos)
rCold  . . .     Clarity  .     b - +2 leather armour
rNeg   . . .     SustAb   .     (no shield)
rPois  .         Gourm    .     (helmet restricted)
rElec  .         Spirit   .     (no cloak)
rCorr  .         Warding  .     (no gloves)
rMut   .         Stasis   .     (no boots)
MR     .....                    (no amulet)
Stlth  +.........               (no ring)
                                (no ring)

@: corroded equipment, not resistant to hostile enchantments, very unstealthy
A: antennae 1
a: Renounce Religion


You were on level 1 of the Dungeon.
You worshipped Xom.
You were a favourite toy of Xom.
You were not hungry.

You visited 1 branch of the dungeon, and saw 1 of its levels.

You collected 89 gold pieces.

Inventory:

Hand weapons
 a - a +0 hand axe of chaos (weapon)
Missiles
 m - 8 needles of confusion
Armour
 b - a +2 leather armour (worn)
Scrolls
 d - a scroll of fear {unknown}
 e - a scroll of noise {unknown}
 f - 3 scrolls of blinking {unknown}
 h - a scroll of teleportation {unknown}
 i - a scroll of identify {unknown}
Potions
 j - a potion of heal wounds {unknown}
 k - a potion of curing {unknown}
 n - a potion of restore abilities {unknown}
Comestibles
 c - a bread ration
 g - 2 meat rations
 l - 3 fruits


   Skills:
 + Level 3.5 Fighting
 + Level 3.2 Axes
 - Level 1.7 Armour
 - Level 0.8 Dodging


You had one spell level left.
You didn't know any spells.

Dungeon Overview and Level Annotations

Branches:
Dungeon (1/15)

Altars:


Innate Abilities, Weirdness & Mutations

You have a pair of small antennae on your head.


Message History

You hit the steam dragon but do no damage.
You hit the ooze.
You feel better.
The ooze is lightly wounded.
The steam dragon breathes steam at you. The ball of steam hits you!
Ouch! That really hurt!
* * * LOW HITPOINT WARNING * * *
A shower of butterflies erupts from you!
The ooze closely misses you. The ooze barely misses you.
You swap places.
The steam dragon closely misses your butterfly.
The steam dragon misses your butterfly. The ooze misses your butterfly.
Your butterfly is engulfed in a cloud of scalding steam.
Your butterfly dies!
Unknown command.
The steam dragon breathes steam at you. The ball of steam hits you!
Ouch! That really hurt!
You die...
Xom cackles wildly!

####.###############........#
#..................)....###.#
####.#.....###############.#
#.#
...>.#..##.#.............#.#
#.#
###..#..##.#!$..JJJ.b....#.#
#.#
#..#..##.#....rJDJ.....#.###.#
#..#..##.#######§#######.....#
#........#....)§.......#.######
#.##..##.'⌠...@###....⌠'.......
#.##..##.#......<......#.######
#........#..⌠...>...⌠..#.##
###.###.##.###'#######+###..#
##...##.##..................#
........#########.#..#.....##
##...#### #.#.......## ###.##
###.######..# # #.# #.....#
##.#


You could see a steam dragon shaped shifter, 2 oozes and a jelly.

Vanquished Creatures
  2 oozes (D:1)
  3 giant cockroaches (D:1)
  3 goblins (D:1)
  3 jackals (D:1)
  3 kobolds (D:1)
  A bat (D:1)
  3 giant newts (D:1)
  3 rats (D:1)
21 creatures vanquished.

Vanquished Creatures (others)
  A butterfly (D:1)
1 creature vanquished.

Grand Total: 22 creatures vanquished

Notes
Turn   | Place    | Note
--------------------------------------------------------------
     0 | D:1      | McCoppin, the Demonspawn Chaos Knight, began the quest for the Orb.
     0 | D:1      | Reached XP level 1. HP: 18/18 MP: 1/1
     2 | D:1      | Found a runed door.
   248 | D:1      | Gained mutation: You have a pair of small antennae on your head. [demonic ancestry]
   248 | D:1      | Reached XP level 2. HP: 22/24 MP: 2/2
   431 | D:1      | XOM: silly message
   479 | D:1      | XOM: silly message
   642 | D:1      | Noticed a jelly
   650 | D:1      | Noticed a steam dragon
   650 | D:1      | a jelly changed into a steam dragon
   652 | D:1      | XOM: butterfly on damage
   654 | D:1      | Killed from afar by a steam dragon (glowing shapeshifter)

Action                   || total
-------------------------++-------
Melee: Hand axe          ||    54
